3L
LAS VEGAS FLAMINGOS @ CHICAGO GOLD SOX
08/20/2026
 
TOP OF THE 1ST
Las Vegas Flamingos batting - Pitching for Chicago Gold Sox : RHP Raúl Areola
Pitching: RHP Raúl Areola
Batting: RHB Sake van Arem 0-0: Called Strike
0-1: Swinging Strike
0-2: Foul Ball, location: 2F
0-2: Foul Ball, location: 2F
0-2: Fly out, F8 (Flyball, 78D)
Batting: LHB Roberto Salazar 0-0: Ball
1-0: Foul Ball, location: 2F
1-1: Ground out 5-3 (Groundball, 56S)
Batting: LHB Chris McKinney 0-0: Ball
1-0: Ball
2-0: Foul Ball, location: 2F
2-1: Fly out, F8 (Flyball, 8LS)
Top of the 1st over - 0 run(s), 0 hit(s), 0 error(s), 0 left on base; Las Vegas 0 - Chicago 0
BOTTOM OF THE 1ST
Chicago Gold Sox batting - Pitching for Las Vegas Flamingos : RHP Melvin Haney
Pitching: RHP Melvin Haney
Batting: LHB Noel Ballard 0-0: Ball
1-0: Ball
2-0: Ball
3-0: Base on Balls
Batting: LHB William Wise 0-0: Grounds into double play, 4-6-3 (Groundball, 4)
Batting: LHB Melvin Castro 0-0: Called Strike
0-1: Ball
1-1: Ball
2-1: Ball
3-1: Fly out, F5 (Popup, 5L)
Bottom of the 1st over - 0 run(s), 0 hit(s), 0 error(s), 0 left on base; Las Vegas 0 - Chicago 0
TOP OF THE 2ND
Las Vegas Flamingos batting - Pitching for Chicago Gold Sox : RHP Raúl Areola
Batting: LHB José Alonso 0-0: Ball
1-0: Swinging Strike
1-1: Foul Ball, location: 2F
1-2: SOLO HOME RUN (Flyball, 89XD), Distance : 424 ft
Batting: LHB Job Pels 0-0: Foul Ball, location: 2F
0-1: Swinging Strike
0-2: Ball
1-2: Foul Ball, location: 2F
1-2: Foul Ball, location: 2F
1-2: Ground out 4-3 (Groundball, 4)
Batting: LHB Victor Adams 0-0: Ball
1-0: Swinging Strike
1-1: Ball
2-1: Ball
3-1: Ground out U3 (Groundball, 3L)
Batting: LHB Emílio Sáenz 0-0: SINGLE (Line Drive, 7S)
Batting: SHB Kunimichi Chikafuji 0-0: Called Strike
0-1: Swinging Strike
0-2: Ball
1-2: Ball
2-2: Foul Ball, location: 2F
2-2: SINGLE (Groundball, 34D)
Emílio Sáenz to second
Runner from 2nd tries for 3rd, SAFE, throw made to third
Batting: RHB Jeff Young 0-0: Ball
1-0: Ball
2-0: Fly out, F8 (Flyball, 78S)
Top of the 2nd over - 1 run(s), 3 hit(s), 0 error(s), 2 left on base; Las Vegas 1 - Chicago 0
BOTTOM OF THE 2ND
Chicago Gold Sox batting - Pitching for Las Vegas Flamingos : RHP Melvin Haney
Batting: LHB Eddie Flynn 0-0: Called Strike
0-1: Ball
1-1: Called Strike
1-2: Ball
2-2: Ball
3-2: Strikes out swinging
Batting: RHB Ángel Rivera 0-0: Ball
1-0: Called Strike
1-1: SINGLE (Line Drive, 7LM)
Batting: LHB Arthur Ryan 0-0: Called Strike
0-1: Swinging Strike
0-2: Ball
1-2: Ball
2-2: Foul Ball, location: 2F
2-2: Ball
3-2: Fly out, F8 (Line Drive, 8LM)
Batting: LHB Sam Good 0-0: Ball
1-0: Ball
2-0: Foul Ball, location: 2F
2-1: Ball
3-1: Base on Balls
Ángel Rivera to second
Batting: RHB Matt Love 0-0: Ball
1-0: Ground out 5-3 (Groundball, 56S)
Bottom of the 2nd over - 0 run(s), 1 hit(s), 0 error(s), 2 left on base; Las Vegas 1 - Chicago 0
TOP OF THE 3RD
Las Vegas Flamingos batting - Pitching for Chicago Gold Sox : RHP Raúl Areola
Batting: RHB Sake van Arem 0-0: Ball
1-0: Ball
2-0: Called Strike
2-1: Ball
3-1: Base on Balls
Batting: LHB Roberto Salazar 0-0: Ball
1-0: DOUBLE (Flyball, 78M)
Sake van Arem to third
Batting: LHB Chris McKinney 0-0: Ball
1-0: Ball
2-0: Called Strike
2-1: Ball
3-1: Fly out, F7 (Flyball, 78S)
Runner from 3rd tags up, SCORES, no throw
Batting: LHB José Alonso 0-0: Ball
1-0: Fly out, F9 (Line Drive, 9)
Batting: LHB Job Pels 0-0: Ball
1-0: Swinging Strike
1-1: Foul Ball, location: 2F
1-2: Ball
2-2: Ball
3-2: Strikes out swinging
Top of the 3rd over - 1 run(s), 1 hit(s), 0 error(s), 1 left on base; Las Vegas 2 - Chicago 0
BOTTOM OF THE 3RD
Chicago Gold Sox batting - Pitching for Las Vegas Flamingos : RHP Melvin Haney
Batting: RHB Rod Jones 0-0: Ball
1-0: Ball
2-0: Ball
3-0: Called Strike
3-1: Base on Balls
Batting: LHB Noel Ballard 0-0: Ball
1-0: Foul Ball, location: 2F
1-1: Ball
2-1: Foul Ball, location: 2F
2-2: Strikes out looking
Batting: LHB William Wise 0-0: Ball
1-0: Called Strike
1-1: DOUBLE (Line Drive, 9LD)
Rod Jones to third
Batting: LHB Melvin Castro 0-0: Called Strike
0-1: Swinging Strike
0-2: Ball
1-2: Strikes out looking
Batting: LHB Eddie Flynn 0-0: Ball
1-0: Called Strike
1-1: Foul Ball, location: 2F
1-2: Ball
2-2: Ball
3-2: Fly out, F9 (Flyball, 9)
Bottom of the 3rd over - 0 run(s), 1 hit(s), 0 error(s), 2 left on base; Las Vegas 2 - Chicago 0
TOP OF THE 4TH
Las Vegas Flamingos batting - Pitching for Chicago Gold Sox : RHP Raúl Areola
Batting: LHB Victor Adams 0-0: Ball
1-0: Called Strike
1-1: Called Strike
1-2: Ground out 4-3 (Groundball, 4M)
Batting: LHB Emílio Sáenz 0-0: Ball
1-0: Ball
2-0: Swinging Strike
2-1: Swinging Strike
2-2: Strikes out looking
Batting: SHB Kunimichi Chikafuji 0-0: Ball
1-0: Swinging Strike
1-1: Fly out, F9 (Flyball, 9LM)
Top of the 4th over - 0 run(s), 0 hit(s), 0 error(s), 0 left on base; Las Vegas 2 - Chicago 0
BOTTOM OF THE 4TH
Chicago Gold Sox batting - Pitching for Las Vegas Flamingos : RHP Melvin Haney
Batting: RHB Ángel Rivera 0-0: Ground out 5-3 (Groundball, 56S)
Batting: LHB Arthur Ryan 0-0: Ball
1-0: Foul Ball, location: 2F
1-1: Swinging Strike
1-2: SINGLE (Groundball, 5D)
Batting: LHB Sam Good 0-0: Ball
1-0: Ball
2-0: DOUBLE (Line Drive, 5D)
Arthur Ryan to third
Runner from 3rd tries for Home, SAFE, no throw
Batting: RHB Matt Love 0-0: Ball
1-0: Ball
2-0: Ball
3-0: Foul Ball, location: 2F
3-1: Called Strike
3-2: Base on Balls
Batting: RHB Rod Jones 0-0: Ball
1-0: Ball
2-0: Ball
3-0: Base on Balls
Sam Good to third
Matt Love to second
Batting: LHB Noel Ballard 0-0: Ball
1-0: Ball
2-0: Foul Ball, location: 2F
2-1: Called Strike
2-2: Foul Ball, location: 2F
2-2: Foul Ball, location: 2F
2-2: Foul Ball, location: 2F
2-2: Ball
3-2: Foul Ball, location: 2F
3-2: Ground out 5-3 (Groundball, 56S)
Sam Good scores
Matt Love to third
Rod Jones to second
Batting: LHB William Wise 0-0: Ball
1-0: Swinging Strike
1-1: Foul Ball, location: 2F
1-2: Strikes out swinging
Bottom of the 4th over - 2 run(s), 2 hit(s), 0 error(s), 2 left on base; Las Vegas 2 - Chicago 2
TOP OF THE 5TH
Las Vegas Flamingos batting - Pitching for Chicago Gold Sox : RHP Raúl Areola
Batting: RHB Jeff Young 0-0: Called Strike
0-1: Ball
1-1: Called Strike
1-2: TRIPLE (Flyball, 9LD)
Batting: RHB Sake van Arem 0-0: Foul Ball, location: 2F
0-1: Ground out 6-3 (Groundball, 6)
Jeff Young scores
Batting: LHB Roberto Salazar 0-0: Ball
1-0: Ball
2-0: Foul Ball, location: 2F
2-1: SINGLE (Line Drive, 9LS)
Batting: LHB Chris McKinney 0-0: Ball
Roberto Salazar is caught stealing 2nd base
1-0: Ball
2-0: Fly out, F7 (Flyball, 7LS)
Top of the 5th over - 1 run(s), 2 hit(s), 0 error(s), 0 left on base; Las Vegas 3 - Chicago 2
BOTTOM OF THE 5TH
Chicago Gold Sox batting - Pitching for Las Vegas Flamingos : RHP Melvin Haney
Batting: LHB Melvin Castro 0-0: SINGLE (Flyball, 9S)
Batting: LHB Eddie Flynn 0-0: Ground out 3-1 (Groundball, 34S)
Melvin Castro to second
Batting: RHB Ángel Rivera 0-0: Called Strike
0-1: Ground out 4-3 (Groundball, 4)
Melvin Castro to third
Batting: LHB Arthur Ryan 0-0: Ball
1-0: Called Strike
1-1: Ball
2-1: Ground out 6-3 (Groundball, 56)
Bottom of the 5th over - 0 run(s), 1 hit(s), 0 error(s), 1 left on base; Las Vegas 3 - Chicago 2
TOP OF THE 6TH
Las Vegas Flamingos batting - Pitching for Chicago Gold Sox : RHP Raúl Areola
Batting: LHB José Alonso 0-0: Called Strike
0-1: Called Strike
0-2: Ball
1-2: Fly out, F8 (Line Drive, 8RM)
Batting: LHB Job Pels 0-0: Ball
1-0: Swinging Strike
1-1: Foul Ball, location: 2F
1-2: Strikes out swinging
Batting: LHB Victor Adams 0-0: Called Strike
0-1: Swinging Strike
0-2: Ground out 6-3 (Groundball, 6)
Top of the 6th over - 0 run(s), 0 hit(s), 0 error(s), 0 left on base; Las Vegas 3 - Chicago 2
BOTTOM OF THE 6TH
Chicago Gold Sox batting - Pitching for Las Vegas Flamingos : RHP Melvin Haney
Batting: LHB Sam Good 0-0: Ball
1-0: Foul Ball, location: 2F
1-1: Foul Ball, location: 2F
1-2: Strikes out swinging
Pitching: RHP Ron Yarbrough
Batting: RHB Matt Love 0-0: Called Strike
0-1: Ball
1-1: Ball
2-1: Ball
3-1: Called Strike
3-2: Base on Balls
Batting: RHB Rod Jones 0-0: Grounds into double play, 6-4-3 (Groundball, 56)
Bottom of the 6th over - 0 run(s), 0 hit(s), 0 error(s), 0 left on base; Las Vegas 3 - Chicago 2
TOP OF THE 7TH
Las Vegas Flamingos batting - Pitching for Chicago Gold Sox : RHP Raúl Areola
Batting: LHB Emílio Sáenz 0-0: Ball
1-0: Ball
2-0: Called Strike
2-1: Fly out, F6 (Popup, 5D)
Pitching: RHP Jim Dixon
Batting: SHB Kunimichi Chikafuji 0-0: Foul Ball, location: 2F
0-1: Ball
1-1: Foul Ball, location: 2F
1-2: Ground out 3-1 (Groundball, 34)
Batting: RHB Jeff Young 0-0: Ground out 6-3 (Groundball, 6)
Top of the 7th over - 0 run(s), 0 hit(s), 0 error(s), 0 left on base; Las Vegas 3 - Chicago 2
BOTTOM OF THE 7TH
Chicago Gold Sox batting - Pitching for Las Vegas Flamingos : RHP Ron Yarbrough
Batting: LHB Noel Ballard 0-0: Swinging Strike
0-1: Ball
1-1: Ball
2-1: SINGLE (Line Drive, 7LS)
Batting: LHB William Wise 0-0: Called Strike
0-1: Called Strike
0-2: Ball
1-2: Fielders Choice at 2nd, 6-4 (Groundball, 6)
Batting: LHB Melvin Castro 0-0: Fly out, F4 (Line Drive, 4M)
Lined into DP, 4-3 (Line Drive, 4M)
Bottom of the 7th over - 0 run(s), 1 hit(s), 0 error(s), 0 left on base; Las Vegas 3 - Chicago 2
TOP OF THE 8TH
Las Vegas Flamingos batting - Pitching for Chicago Gold Sox : RHP Jim Dixon
Batting: RHB Sake van Arem 0-0: Foul Ball, location: 2F
0-1: Ball
1-1: Ball
2-1: Called Strike
2-2: Foul Ball, location: 2F
2-2: Ball
3-2: Foul Ball, location: 2F
3-2: Base on Balls
Batting: LHB Roberto Salazar 0-0: Bunted foul
0-1: Ball
1-1: Sac Bunt - play at first, batter OUT! 1-4
Sake van Arem to second
Batting: LHB Chris McKinney 0-0: Called Strike
0-1: Foul Ball, location: 2F
0-2: Ball
1-2: Ball
2-2: Strikes out swinging
Batting: LHB José Alonso 0-0: Called Strike
0-1: Fly out, F2 (Popup, 23)
Top of the 8th over - 0 run(s), 0 hit(s), 0 error(s), 1 left on base; Las Vegas 3 - Chicago 2
BOTTOM OF THE 8TH
Chicago Gold Sox batting - Pitching for Las Vegas Flamingos : RHP Ron Yarbrough
Pitching: RHP Enrique García
Batting: LHB Eddie Flynn 0-0: Ball
1-0: Ball
2-0: Ball
3-0: Base on Balls
Pitching: RHP Joey McCarthy
Pinch Hitting: LHB Joe Cashmore 0-0: Ball
1-0: Ball
2-0: Called Strike
2-1: Foul Ball, location: 2F
2-2: Grounds into double play, 4-6-3 (Groundball, 4)
Pitching: RHP Jim Washington
Batting: LHB Arthur Ryan 0-0: Ball
1-0: Foul Ball, location: 2F
1-1: Foul Ball, location: 2F
1-2: Strikes out looking
Bottom of the 8th over - 0 run(s), 0 hit(s), 0 error(s), 0 left on base; Las Vegas 3 - Chicago 2
TOP OF THE 9TH
Las Vegas Flamingos batting - Pitching for Chicago Gold Sox : RHP Jim Dixon
Pitching: LHP Chris Rogers
Now at 1B: Joe Cashmore
Batting: LHB Job Pels 0-0: Foul Ball, location: 2F
0-1: Called Strike
0-2: Strikes out swinging
Batting: LHB Victor Adams 0-0: Ball
1-0: Foul Ball, location: 2F
1-1: Ball
2-1: Called Strike
2-2: Fly out, F7 (Flyball, 7LS)
Batting: LHB Emílio Sáenz 0-0: Called Strike
0-1: Ball
1-1: Swinging Strike
1-2: Strikes out swinging
Top of the 9th over - 0 run(s), 0 hit(s), 0 error(s), 0 left on base; Las Vegas 3 - Chicago 2
BOTTOM OF THE 9TH
Chicago Gold Sox batting - Pitching for Las Vegas Flamingos : RHP Jim Washington
Pitching: RHP Christian Pitts
Batting: LHB Sam Good 0-0: Ball
1-0: Swinging Strike
1-1: Foul Ball, location: 2F
1-2: Ball
2-2: Ball
3-2: Strikes out looking
Batting: RHB Matt Love 0-0: Ball
1-0: Fly out, F5 (Flyball, 5D)
Pinch Hitting: LHB Curtis Peters 0-0: Ball
1-0: Fly out, F8 (Flyball, 8RXD)
Bottom of the 9th over - 0 run(s), 0 hit(s), 0 error(s), 0 left on base; Las Vegas 3 - Chicago 2
Monday, March 20th, 2017 - OOTP Baseball 17.12 Build 75